 Dungeon Crawl Stone Soup version 0.29-a0-222-g5b244fca1f (webtiles) character file.

Game seed: 10925614835265980543

24366 drugrobin the Severer (level 12, -3/93 (106) HPs)
             Began as a Demigod Fighter on Feb 28, 2022.
             Killed from afar by an orc sorcerer (13 damage)
             ... with a bolt of negative energy
             ... on level 1 of the Orcish Mines.
             The game lasted 00:43:49 (17084 turns).

drugrobin the Severer (Demigod Fighter)            Turns: 17084, Time: 00:43:50

HP:   -3/93 (106)   AC: 23    Str: 35    XL:     12   Next: 45%
MP:   15/15         EV:  8    Int: 14    God:
Gold: 2305          SH:  4    Dex: 13    Spells: 11/11 levels left

rFire   . . .      SeeInvis .   a - +2 war axe (freeze)
rCold   + . .      Faith    .   V - +0 buckler
rNeg    . . .      Spirit   .   F - +2 plate armour {rC+}
rPois   .          Reflect  .   m - +0 helmet
rElec   .          Harm     .   h - +0 cloak
rCorr   .          Rampage  .   Q - +0 pair of gloves
Will    ++...                   S - +1 pair of boots
Stlth   ..........              u - amulet of magic regeneration
HPRegen 0.25/turn               e - +6 ring of strength
MPRegen 0.54/turn               q - ring of willpower

@: studying 2 skills, heavily drained
A: high MP 1, forlorn, divine attributes
a: no special abilities


You were on level 1 of the Orcish Mines.
You visited 2 branches of the dungeon, and saw 13 of its levels.
You also visited: Sewer and Bailey.

You collected 2568 gold pieces.
You spent 263 gold pieces at shops.

Inventory:

Hand Weapons
 a - a +2 war axe of freezing (weapon)
 c - a +0 broad axe
 d - a +2 mace of draining
 k - a +4 hand axe of flaming
 v - a +0 spear of venom
Missiles
 z - a curare-tipped dart
 C - 30 poisoned darts
 G - 8 javelins (quivered)
Armour
 h - a +0 cloak (worn)
 m - a +0 helmet (worn)
 F - a +2 plate armour of cold resistance (worn)
 I - a +2 chain mail of fire resistance
 Q - a +0 pair of gloves (worn)
 S - a +1 pair of boots (worn)
 V - a +0 buckler (worn)
Jewellery
 e - a +6 ring of strength (left hand)
 p - a ring of wizardry
 q - a ring of willpower (right hand)
 s - a ring of resist corrosion
 u - an amulet of magic regeneration (around neck)
 H - the ring "Vineib" {rN+ MP+9 Str-2 Int+6}
   (You found it on level 4 of the Dungeon)

   [ring of intelligence]

   Str:       It affects your strength (-2).
   Int:       It affects your intelligence (+6).
   rN:        It protects you from negative energy.
   MP:        It affects your magic capacity (+9).
 U - a +4 ring of protection
Wands
 b - a wand of iceblast (10)
 D - a wand of charming (12)
 X - a wand of acid (8)
 Y - a wand of digging (5)
Scrolls
 i - 5 scrolls of teleportation
 j - a scroll of enchant armour {unknown}
 l - 2 scrolls of noise {unknown}
 n - 4 scrolls of fog {unknown}
 o - 2 scrolls of immolation {unknown}
 r - a scroll of blinking {unknown}
 y - 3 scrolls of magic mapping {unknown}
 K - 4 scrolls of amnesia {unknown}
 L - a scroll of torment {unknown}
 M - a scroll of brand weapon {unknown}
 T - 3 scrolls of vulnerability {unknown}
 W - 3 scrolls of fear {unknown}
Potions
 f - a potion of flight
 g - 3 potions of cancellation
 t - a potion of resistance
 w - 3 potions of berserk rage {unknown}
 x - 3 potions of heal wounds
 A - a potion of ambrosia {unknown}
 B - a potion of lignification {unknown}
 E - 3 potions of attraction
 J - 3 potions of degeneration {unknown}
 N - 2 potions of mutation {unknown}
 O - 3 potions of haste
 P - 3 potions of invisibility
 R - 4 potions of curing
Miscellaneous
 Z - a lightning rod (inert)


   Skills:
 + Level 9.9 Fighting
 + Level 15.0 Axes
 + Level 9.9 Armour
 - Level 2.6 Shields


You had 11 spell levels left.
You didn't know any spells.
Your spell library contained the following spells:

 Spells                   Type           Power      Damage    Failure   Level
 Foxfire                  Conj/Fire      0%         2x1d4     91%         1
 Static Discharge         Conj/Air       0%         N/A       97%         2
 Conjure Flame            Conj/Fire      0%         6-21      100%        3
 Inner Flame              Hex/Fire       0%         N/A       100%        3
 Portal Projectile        Hex/Tloc       0%         N/A       100%        3
 Airstrike                Air            0%         N/A       100%        4
 Cause Fear               Hex            0%         N/A       100%        4
 Dispel Undead            Necr           0%         3d6       100%        4
 Flame Wave               Conj/Fire      0%         2d4       100%        4
 Sticky Flame             Conj/Fire      0%         2d3       100%        4
 Summon Lightning Spire   Summ/Air       0%         N/A       100%        4
 Alistair's Intoxication  Tmut/Pois      0%         N/A       100%        5
 Blade Hands              Tmut           0%         N/A       100%        5
 Borgnjor's Vile Clutch   Necr/Erth      0%         N/A       100%        5
 Excruciating Wounds      Necr           0%         N/A       100%        5
 Fireball                 Conj/Fire      0%         3d3       100%        5
 Lightning Bolt           Conj/Air       0%         1d11      100%        5
 Eringya's Noxious Bog    Tmut/Pois      0%         N/A       100%        6
 Spellforged Servitor     Conj/Summ      0%         N/A       100%        7
 Discord                  Hex            0%         N/A       100%        8


Dungeon Overview and Level Annotations

Branches:
Dungeon (11/15)            Temple (0/1) D:7            Lair (0/6) D:11
    Orc (2/2) D:11          Sewer (visited)          Bailey (visited)
    Elf: Orc:2

Shops:
D:6 *   D:10 (

Portals:
Trove: D:11 (give 10 potions of heal wounds)

Annotations:
D:4 2 runed translucent doors
Orc:1 3 runed translucent doors, Acaps's ghost, journeyman GrFi; SirDiesAlot's ghost, journeyman MiBe; Vahest's ghost, journeyman DsBe
Orc:2 Sonja


Innate Abilities, Weirdness & Mutations

You have an increased reservoir of magic. (+10% MP)
You shall have no god before yourself.
Your divine heritage dramatically boosts your attributes as you level up.


Message History

The bolt of fire hits you!!
* * * LOW HITPOINT WARNING * * *
The orc sorcerer hits you but does no damage.
Unknown command.
Unknown command.
Unknown command.
Unknown command.
Unknown command.
Unknown command.
Unknown command.
Unknown command.
Unknown command.
Unknown command.
Unknown command.
Unknown command.
Unknown command.
Unknown command.
You feel much better.
The orc sorcerer casts a spell.
The orc sorcerer hits you with a +0 dagger.
Unknown command.
Unknown command.
You slash the orc sorcerer! You freeze the orc sorcerer.
The orc sorcerer is almost dead.
You hit the soul eater but do no damage.
You hit the orc sorcerer. You freeze the orc sorcerer. The soul eater hits you!
* * * LOW HITPOINT WARNING * * *
The orc sorcerer closely misses you.
The orc sorcerer hits you but does no damage.
Unknown command.
Unknown command.
You slice the orc sorcerer!! You freeze the orc sorcerer.
You kill the orc sorcerer!
The rust devil disappears in a puff of smoke!
You hit the soul eater but do no damage.
You barely miss the orc sorcerer. The soul eater hits you!
* * * LOW HITPOINT WARNING * * *
The orc sorcerer gestures at you while chanting.
The bolt of negative energy hits you!
You feel drained.
You die...

######.....+....
##.##.......+$...
##...........+....
###...##.......#W...
##.....##....#..#W...
#####.....####......#.⌠.?
##.#.##..#.#.........#####
#.....§...)...........#
##......[@3........#.##
#.......)o.....##.#.#.##
##.....................#
####.................##
##....#.####..^......##
#......### #..........#
####.......###...##.#..##
#
##.###.......###.####...#
## #.........#.##
#######.####.


You could see a soul eater (summoned) and an orc sorcerer.

Vanquished Creatures
  2 orc warlords
  Josephine (D:10)
  A boulder beetle (D:10)
  A hydra (D:6)
  5 two-headed ogres
  Urug (D:10)
  An orc high priest (Orc:2)
  The ghost of petzl the Magician, a novice FoAM (D:10)
  Pikel (D:7)
  3 orc knights
  2 orc sorcerers
  2 cyclopes
  Maurice (D:11)
  A gargoyle (D:11)
  An unseen horror (D:11)
  2 kobold demonologists
  2 trolls (Orc:2)
  Prince Ribbit (D:9)
  A hornet (D:8)
  5 slime creatures (D:10)
  3 wraiths (D:10)
  2 shadows
  20 yaks
  A steam dragon (D:9)
  A warg (Orc:1)
  A water moccasin (D:7)
  2 ice beasts
  2 sky beasts
  A necrophage (D:7)
  21 orc warriors
  13 centaurs
  2 ogres
  4 lemures (D:7)
  A phantom (D:4)
  A kobold brigand (D:9)
  3 bullfrogs
  13 killer bees
  3 wights (D:8)
  6 howler monkeys
  6 jellies
  10 orc priests
  Ijyb (D:3)
  2 gnoll shamans
  2 iguanas
  17 orc wizards
  12 gnolls
  3 river rats (Sewer)
  17 adders
  A shadow imp (D:6)
  A white imp (D:8)
  2 ufetubi (D:7)
  3 worms
  3 dart slugs
  39 orcs
  15 endoplasms
  6 giant cockroaches
  15 goblins
  14 hobgoblins
  2 jackals (D:1)
  16 kobolds
  5 quokkas
  8 ball pythons
  3 bats
  6 frilled lizards
  11 rats
355 creatures vanquished.

Vanquished Creatures (collateral kills)
  A gnoll (Bailey)
  2 goblins (Bailey)
  A hobgoblin (Bailey)
4 creatures vanquished.

Vanquished Creatures (others)
  3 withered plants (Orc:1)
3 creatures vanquished.

Grand Total: 362 creatures vanquished

Notes
Turn   | Place    | Note
-------+----------+-------------------------------------------
     0 | D:1      | drugrobin the Demigod Fighter began the quest for the Orb.
     0 | D:1      | Reached XP level 1. HP: 18/18 MP: 3/3
    14 | D:1      | Reached skill level 2 in Axes
   573 | D:1      | Reached XP level 2. HP: 19/25 MP: 4/4
  1244 | D:2      | Reached skill level 3 in Axes
  1291 | D:2      | Reached XP level 3. HP: 29/30 MP: 5/5
  1519 | D:2      | Reached skill level 4 in Axes
  1872 | D:2      | Reached XP level 4. HP: 26/37 MP: 6/6
  2307 | D:3      | You fall into a shaft and drop 1 floor!
  2318 | D:4      | Found a large runed translucent door.
  2318 | D:4      | Found a large runed translucent door.
  2318 | D:4      | Found a large runed translucent door.
  2318 | D:4      | Found a large runed translucent door.
  2335 | D:4      | Got the Almanac of Confrontation
  2465 | D:4      | Noticed a phantom
  2596 | D:4      | Killed a phantom
  2597 | D:4      | Reached skill level 5 in Axes
  2597 | D:4      | Reached XP level 5. HP: 34/42 MP: 7/7
  2920 | D:3      | Noticed Ijyb
  2927 | D:3      | Killed Ijyb
  2985 | D:3      | Noticed a sky beast
  3059 | D:3      | Killed a sky beast
  3060 | D:3      | Reached skill level 6 in Axes
  3060 | D:3      | Reached XP level 6. HP: 42/50 MP: 8/8
  3942 | D:4      | Reached skill level 7 in Axes
  4666 | D:4      | Reached XP level 7. HP: 56/56 MP: 9/9
  4747 | D:4      | Identified the ring "Vineib" {rN+ MP+9 Str-2 Int+6}
  4954 | D:5      | Entered Level 5 of the Dungeon
  5040 | D:5      | Reached skill level 8 in Axes
  5880 | D:6      | Found Egiufis's Assorted Antiques.
  5903 | D:6      | Bought a fizzy orange potion for 19 gold pieces
  5903 | D:6      | Bought 3 scrolls labelled NYNNI UHYU for 66 gold pieces
  5903 | D:6      | Bought a scroll labelled ONEBRA YNLA for 22 gold pieces
  5903 | D:6      | Bought a scroll of teleportation for 66 gold pieces
  5934 | D:6      | Found a glowing drain.
  5962 | Sewer    | Entered a sewer
  6081 | Sewer    | Reached skill level 9 in Axes
  6169 | Sewer    | Reached XP level 8. HP: 57/62 MP: 10/10
  6782 | D:6      | Noticed a two-headed ogre
  6944 | D:6      | Killed a two-headed ogre
  6945 | D:6      | Reached skill level 10 in Axes
  7094 | D:7      | Found a staircase to the Ecumenical Temple.
  7131 | D:7      | Found Zin's Purification Station.
  7139 | D:7      | Reached skill level 11 in Axes
  7150 | D:7      | Bought a potion of curing for 90 gold pieces
  7180 | D:7      | Noticed Pikel
  7197 | D:7      | HP: 2/62 [Pikel/+2 whip of freezing (7)]
  7409 | D:7      | Reached XP level 9. HP: 26/68 MP: 11/11
  7427 | D:7      | Found a flagged portal.
  7435 | Bailey   | Entered a bailey
  7900 | Bailey   | Reached skill level 12 in Axes
  7949 | Bailey   | Noticed an orc knight
  8027 | Bailey   | Killed an orc knight
  8392 | Bailey   | Noticed an orc warlord
  8503 | Bailey   | Killed an orc warlord
  8587 | Bailey   | Reached XP level 10. HP: 53/80 MP: 13/13
  8605 | Bailey   | Acquired a +2 war axe of freezing
  8742 | Bailey   | Acquired 1039 gold pieces
  8896 | D:7      | Killed Pikel
  8897 | D:7      | Reached skill level 5 in Fighting
  8897 | D:7      | Reached skill level 5 in Armour
  9080 | D:7      | Noticed a four-headed hydra
  9312 | D:6      | Killed a one-headed hydra
  9313 | D:6      | Reached skill level 13 in Axes
  9593 | D:7      | Noticed a cyclops
  9621 | D:7      | Killed a cyclops
  9787 | D:8      | Noticed a two-headed ogre
  9795 | D:7      | Killed a two-headed ogre
 10006 | D:8      | Noticed a two-headed ogre
 10030 | D:8      | Killed a two-headed ogre
 10865 | D:9      | Noticed Prince Ribbit
 10876 | D:9      | Killed Prince Ribbit
 11239 | D:9      | Reached XP level 11. HP: 86/91 MP: 14/14
 11583 | D:10     | Entered Level 10 of the Dungeon
 11954 | D:10     | Noticed Josephine
 11954 | D:10     | Noticed a two-headed ogre
 11971 | D:10     | Killed Josephine
 11993 | D:10     | Killed a two-headed ogre
 12144 | D:10     | Reached skill level 14 in Axes
 12334 | D:10     | Found Tefurch Qiuke's Weapon Shop.
 12507 | D:10     | Noticed Urug
 12527 | D:10     | Killed Urug
 12794 | D:10     | Noticed a boulder beetle
 12812 | D:10     | Killed a boulder beetle
 13050 | D:10     | Found a runed translucent door.
 13051 | D:10     | Noticed petzl's ghost (novice FoAM)
 13173 | D:10     | Killed petzl's ghost
 13577 | D:11     | Found a portal to a secret trove of treasure.
 13630 | D:11     | Noticed Maurice
 13640 | D:11     | Killed Maurice
 13641 | D:11     | Reached XP level 12. HP: 103/103 MP: 15/15
 13793 | D:11     | Found a staircase to the Lair.
 14209 | D:11     | Found a staircase to the Orcish Mines.
 14214 | Orc:1    | Entered Level 1 of the Orcish Mines
 14908 | Orc:1    | Found a runed translucent gate.
 14909 | Orc:1    | Found a runed translucent gate.
 14912 | Orc:1    | Found a runed translucent gate.
 14913 | Orc:1    | Noticed SirDiesAlot's ghost (journeyman MiBe)
 14913 | Orc:1    | Noticed Acaps's ghost (journeyman GrFi)
 14913 | Orc:1    | Noticed Vahest's ghost (journeyman DsBe)
 15044 | Orc:2    | Entered Level 2 of the Orcish Mines
 16046 | Orc:2    | Noticed Sonja
 16451 | Orc:2    | Reached skill level 15 in Axes
 16504 | Orc:2    | Noticed an orc warlord
 16857 | Orc:1    | Killed an orc warlord
 17084 | Orc:1    | Killed from afar by an orc sorcerer

Illustrated notes

Levels and vault maps discovered:
D:1:      roderic_dead_forest, layout_basic,
          hellmonk_ecumenical_altar_crossroads,
          nicolae_concentric_dashed_squares_wild, nrook_mini_backslash
D:2:      layout_loops_corners, basic_altar, minmay_tripent
D:3:      layout_basic, lemuel_blue_sif_altar, uniq_ijyb
D:4:      layout_loops_corners, chequers_temple_overflow_statue_of_worship,
          minmay_hollow_rounded_squares
D:5:      layout_gridville, okawaru_altar_gauntlet_db
D:6:      nicolae_cairo_tiling_large, layout_loops_ring, serial_shops,
          shop_coins, cheibrodos_sewer_entry_drain, grunt_decor_arrowhead
D:7:      layout_basic, zin_purify, minmay_temple_entry_wispy, enter_bailey_2,
          chequers_decorated_corner, minmay_manual_mullet, uniq_pikel
D:8:      layout_loops_ring, cheibriados_altar_1, grunt_ministairs_3
D:9:      layout_big_octagon, uniq_prince_ribbit1
D:10:     kennysheep_spiral_hall, layout_basic, ebering_ghost_reflecting_pool,
          serial_shops, nicolae_shop_statue_plus, minmay_misc_feat_x,
          nzn_sisyphean_effort, uniq_josephine, uniq_urug
D:11:     layout_small_grid, lair_entry_dummy, orc_0_dummy,
          nicolae_trove_entry_free_sample, hangedman_decor_points, uniq_maurice
Orc:1:    layout_caves, gammafunk_ghost_cemetery, statue_in_the_mist_lemuel
Orc:2:    grunt_orc_cross, layout_diamond_mine, serial_shops, shop, uniq_sonja

Skill      XL: |  1  2  3  4  5  6  7  8  9 10 11 12 |
---------------+-------------------------------------+-----
Axes           | 2 3 4 5 6 7 9 11 12 13 14 15 | 15.0
Fighting       | 4 6 8 9 |  9.9
Armour         | 4 6 8 9 |  9.9
Shields        | |  2.6

Action                   |  1- 3 |  4- 6 |  7- 9 | 10-12 || total
-------------------------+-------+-------+-------+-------++-------
Melee: Mace              |    76 |    20 |     9 |       ||   105
       War axe           |     5 |       |       |   494 ||   499
       Hand axe          |     7 |    69 |   203 |     6 ||   285
       Spear             |       |    16 |    90 |    33 ||   139
       Broad axe         |       |       |     3 |       ||     3
Throw: Stone             |     1 |       |       |       ||     1
       Boomerang         |       |    14 |       |     4 ||    18
       Dart              |       |     1 |    15 |    11 ||    27
       Throwing net      |       |       |     2 |       ||     2
Evoke: Wand              |       |       |    10 |       ||    10
       Lightning rod     |       |       |       |     4 ||     4
  Use: Potion            |       |     2 |     1 |     2 ||     5
       Scroll            |       |     1 |     2 |     6 ||     9
Armor: Scale mail        |    24 |       |       |       ||    24
       Plate armour      |    25 |    63 |   138 |     3 ||   229
       Chain mail        |       |       |     1 |   267 ||   268
Dodge: Dodged            |    25 |    31 |    87 |   155 ||   298
Block: Buckler           |    16 |    20 |    48 |    89 ||   173

Table legend: (Time is in decaauts)
 A = Elapsed time spent in this place.
 B = Non-inter-level travel time spent in this place.
 C = Inter-level travel time spent in this place.
 D = Time resting spent in this place.
 E = Time spent auto-exploring this place.
 F = Levels seen in this place.
 G = Mean time per level.
                   A        B        C        D        E       F      G
               +--------+--------+--------+--------+--------+-----+--------+
         Total |  17084 |  16693 |    391 |   3219 |   9406 |  15 | 1138.9 |
       Dungeon |  12914 |  12576 |    338 |   1786 |   8111 |  11 | 1174.0 |
  Orcish Mines |   2602 |   2549 |     53 |    971 |    952 |   2 | 1301.0 |
         Sewer |    262 |    262 |      0 |      0 |    104 |   1 |  262.0 |
        Bailey |   1304 |   1304 |      0 |    462 |    238 |   1 | 1304.0 |
               +--------+--------+--------+--------+--------+-----+--------+

Top non-repeatable levels by time:
    D:10: 1711 daAuts
     D:4: 1639 daAuts
   Orc:2: 1378 daAuts
  Bailey: 1304 daAuts
     D:8: 1237 daAuts
     D:1: 1227 daAuts
   Orc:1: 1224 daAuts
     D:7: 1203 daAuts
    D:11: 1199 daAuts
     D:2: 1111 daAuts
     D:5: 1082 daAuts
     D:3: 1016 daAuts
     D:6: 985 daAuts
     D:9: 502 daAuts
   Sewer: 262 daAuts
